 Dungeon Crawl Stone Soup version 0.27-a0-732-ga892ba84f6 (webtiles) character file.

Game seed: 8253978738706194089

62 Hasart the Magician (level 3, -2/24 HPs)
             Began as a Mummy Venom Mage on Mar 23, 2021.
             Slain by Crazy Yiuf
             ... wielding a +3 quarterstaff of chaos
              (12 damage)
             ... on level 2 of the Dungeon.
             The game lasted 00:05:25 (2236 turns).

Hasart the Magician (Mummy Venom Mage)              Turns: 2236, Time: 00:05:26

Health: -2/24      AC:  3    Str: 11    XL:     3   Next: 85%
Magic:  2/7        EV: 11    Int: 15    God:
Gold:   49         SH:  0    Dex: 12    Spells: 2/8 levels left

rFire    x . .     SeeInvis .   a - staff of air
rCold    + . .     Faith    .   (no shield)
rNeg     + + +     Spirit   .   h - +0 leather armour
rPois    ∞         Reflect  .   (no helmet)
rElec    +         Harm     .   (no cloak)
rCorr    .         Rampage  .   (no gloves)
Will     .....                  (no boots)
Stlth    +.........             (no amulet)
HPRegen  0.08/turn              (no ring)
MPRegen  0.10/turn              (no ring)

@: mighty
A: cold resistance 1, negative energy resistance 3, torment resistance 2,
unbreathing 1, heat vulnerability 1, no potions
a: no special abilities


You were on level 2 of the Dungeon.
You visited 1 branch of the dungeon, and saw 2 of its levels.

You collected 49 gold pieces.

Inventory:

Armour
 h - a +0 leather armour (worn)
Magical Staves
 a - a staff of air (weapon)
Scrolls
 b - 2 scrolls of magic mapping {unknown}
 c - a scroll of brand weapon {unknown}
 d - a scroll of random uselessness {unknown}
 e - a scroll of identify {unknown}
 f - a scroll of holy word {unknown}
 g - a scroll of teleportation {unknown}


   Skills:
 + Level 2.0 Dodging
 - Level 1.5 Stealth
 + Level 3.3 Spellcasting
 + Level 1.4 Transmutations
 * Level 3.1 Poison Magic
 + Level 0.2 Evocations


You had 2 spell levels left.
You knew the following spells:

 Your Spells              Type           Power      Damage    Failure   Level
a - Sting                 Tmut/Pois      36%        1d4       10%         1
b - Poisonous Vapours     Pois/Air       20%        N/A       21%         2
c - Mephitic Cloud        Conj/Pois/Air  8%         N/A       45%         3

Your spell library contained the following spells:

 Spells                   Type           Power      Damage    Failure   Level
 Ignite Poison            Fire/Tmut/Pois 7%         N/A       38%         3
 Olgreb's Toxic Radiance  Pois           11%        N/A       56%         4


Dungeon Overview and Level Annotations

Branches:
Dungeon (2/15)

Altars:
Xom
Zin

Annotations:
D:2 Crazy Yiuf


Innate Abilities, Weirdness & Mutations

You are immune to poison.
Your flesh is cold resistant. (rC+)
You are immune to negative energy. (rN+++)
You are immune to unholy pain and torment.
You can survive without breathing.
You are vulnerable to heat. (rF-)
You do not drink.


Message History

Crazy Yiuf hits you with a +3 quarterstaff of chaos!
You feel very mighty all of a sudden.
Casting: Sting (safe; 10% risk of failure)
Confirm with . or Enter, or press ? or * to list all spells.
Aiming: Sting (safe; 10% risk of failure)
Press: ? - help, Shift-Dir - straight line, f/p - Crazy Yiuf
Aim: Crazy Yiuf, wielding a +3 quarterstaff of chaos and wearing a +0 cloak (lightly wounded, poisoned, 28% to evade)
The sting misses Crazy Yiuf.
Crazy Yiuf barely misses you.
Casting: Sting (safe; 10% risk of failure)
Confirm with . or Enter, or press ? or * to list all spells.
Aiming: Sting (safe; 10% risk of failure)
Press: ? - help, Shift-Dir - straight line, f/p - Crazy Yiuf
Aim: Crazy Yiuf, wielding a +3 quarterstaff of chaos and wearing a +0 cloak (poisoned, 28% to evade)
The sting hits Crazy Yiuf.
Crazy Yiuf looks even sicker.
Crazy Yiuf is lightly wounded.
Crazy Yiuf closely misses you.
Casting: Sting (safe; 10% risk of failure)
Confirm with . or Enter, or press ? or * to list all spells.
Aiming: Sting (safe; 10% risk of failure)
Press: ? - help, Shift-Dir - straight line, f/p - Crazy Yiuf
Aim: Crazy Yiuf, wielding a +3 quarterstaff of chaos and wearing a +0 cloak (lightly wounded, very poisoned, 28% to evade)
You miscast Sting.
You are very lightly contaminated with residual magic.
Nothing appears to happen.
Crazy Yiuf hits you with a +3 quarterstaff of chaos!
Crazy Yiuf laughs, "Defame ena hand!"
Your magical contamination has completely faded away.
Casting: Sting (safe; 10% risk of failure)
Confirm with . or Enter, or press ? or * to list all spells.
Okay, then.
Casting: Sting (safe; 10% risk of failure)
Confirm with . or Enter, or press ? or * to list all spells.
Aiming: Poisonous Vapours (safe; 21% risk of failure)
Press: ? - help, Dir - move target, f/p - Crazy Yiuf
Aim: Crazy Yiuf, wielding a +3 quarterstaff of chaos and wearing a +0 cloak (severely wounded, poisoned)
You feel a surge of power!
Poisonous vapours surround Crazy Yiuf!
Crazy Yiuf looks even sicker.
Crazy Yiuf hits you with a +3 quarterstaff of chaos!
Ouch! That really hurt!
You die...

##### ##...#####
#....g@..#
#....###.#
##..## #.#
♣..♣.♣ #.#
♣♣...♣ #.# ♣♣.♣♣
#.##############
♣♣.♣
#..........[...#
♣.♣♣
#.############.#
♣♣.♣ ### #.#


You could see Crazy Yiuf (very poisoned).

Vanquished Creatures
  3 adders (D:2)
  4 ball pythons
  2 bats
  2 giant cockroaches (D:1)
  3 goblins (D:1)
  5 hobgoblins
  4 kobolds
  2 oozes
  2 quokkas (D:2)
  2 frilled lizards (D:2)
  3 rats
32 creatures vanquished.

Notes
Turn   | Place    | Note
-------+----------+-------------------------------------------
     0 | D:1      | Hasart the Mummy Venom Mage began the quest for the Orb.
     0 | D:1      | Reached XP level 1. HP: 13/13 MP: 4/4
   372 | D:1      | Reached skill level 1 in Transmutations
   408 | D:1      | Reached XP level 2. HP: 19/19 MP: 2/5
  1316 | D:2      | Reached XP level 3. HP: 22/24 MP: 3/7
  1579 | D:2      | Noticed an angel
  1583 | D:2      | Found a shimmering altar of Xom.
  1604 | D:2      | Learned a level 2 spell: Poisonous Vapours
  1608 | D:2      | Learned a level 3 spell: Mephitic Cloud
  2096 | D:2      | Found a runed translucent door.
  2097 | D:2      | Noticed Crazy Yiuf
  2236 | D:2      | Slain by Crazy Yiuf

Illustrated notes

Levels and vault maps discovered:
D:1:      wander_arrival_estate, layout_loops_corners
D:2:      layout_loops_ring, grunt_temple_overflow_order_and_chaos_1,
          grunt_temple_overflow_diamond, dk_vineyard_2, minmay_tripent,
          uniq_crazy_yiuf_cottage

Skill      XL: |  1  2  3 |
---------------+----------+-----
Transmutations | 1 |  1.4
Spellcasting   | 3 |  3.3
Dodging        | 2 |  2.0
Poison Magic   | 3 |  3.1
Stealth        | |  1.5
Evocations     | |  0.2

Action                   || total
-------------------------++-------
Melee: Staff             ||     5
       Unarmed           ||     2
 Cast: Sting             ||    65
       Poisonous Vapours ||     1
Armor: Robe              ||    15
       Leather armour    ||     4
Dodge: Dodged            ||    40

Table legend: (Time is in decaauts)
 A = Elapsed time spent in this place.
 B = Non-inter-level travel time spent in this place.
 C = Inter-level travel time spent in this place.
 D = Time resting spent in this place.
 E = Time spent auto-exploring this place.
 F = Levels seen in this place.
 G = Mean time per level.
                   A        B        C        D        E       F      G
               +--------+--------+--------+--------+--------+-----+--------+
         Total |   2236 |   2140 |     96 |      0 |   1767 |   2 | 1118.0 |
       Dungeon |   2236 |   2140 |     96 |      0 |   1767 |   2 | 1118.0 |
               +--------+--------+--------+--------+--------+-----+--------+

Top non-repeatable levels by time:
     D:1: 1212 daAuts
     D:2: 1024 daAuts
